 Dungeon Crawl Stone Soup version 0.26.0-15-gc6cd9f700b (console) character file.

Game seed: 2187343515097252993

64726 jejorda2 the Bludgeoner (level 14, -4/195 HPs)
             Began as a Minotaur Berserker on Jan 16, 2021.
             Was a High Priest of Trog.
             Slain by an orc warrior
             ... wielding a +0 trident
             ... led by an orc high priest
              (13 damage)
             ... on level 2 of the Orcish Mines.
             The game lasted 01:03:12 (20961 turns).

jejorda2 the Bludgeoner (Minotaur Berserker)       Turns: 20961, Time: 01:03:13

Health: -4/195     AC: -3    Str: 26    XL:     14   Next: 72%
Magic:  4/4        EV: 11    Int:  4    God:    Trog [*****.]
Gold:   922        SH:  0    Dex: 11    Spells: 13/13 levels left

rFire    + + .     SeeInvis .   a - +3 demon whip (vamp)
rCold    + . .     Faith    .   (no shield)
rNeg     . . .     Spirit   .   t - +2 plate armour of the Orb {Stlth+}
rPois    +         Reflect  .   (helmet restricted)
rElec    .         Harm     .   (no cloak)
rCorr    .         Rampage  .   y - +1 pair of gloves
Will     +++..                  v - +2 pair of boots
Stlth    ..........             D - amulet of regeneration
HPRegen  1.82/turn              N - ring "Sarew" {rPois rF+ rC+ MP-9}
MPRegen  0.09/turn              B - ring of protection from fire

@: berserking, corroded, regenerating, very quick
A: retaliatory headbutt, horns 2
a: Renounce Religion, Berserk, Trog's Hand, Brothers in Arms


You were on level 2 of the Orcish Mines.
You worshipped Trog.
Trog was extremely pleased with you.
You visited 3 branches of the dungeon, and saw 20 of its levels.
You also visited: Sewer.

You collected 1588 gold pieces.
You spent 666 gold pieces at shops.

Inventory:

Hand Weapons
 a - a +3 vampiric demon whip (weapon)
 b - a +4 morningstar of holy wrath
 R - a +1 whip of electrocution
 S - a +2 vorpal great mace
Missiles
 d - 53 poisoned darts (quivered)
 f - 270 arrows
 h - 11 boomerangs of dispersal
 j - 190 bolts
 r - 4 throwing nets
 u - 20 boomerangs
Armour
 t - the +2 plate armour of the Orb (worn) {Stlth+}
   (You found it on level 6 of the Lair of Beasts)

   It makes you more stealthy.
 v - a +2 pair of boots (worn)
 y - a +1 pair of gloves (worn)
Jewellery
 B - a ring of protection from fire (right hand)
 D - an amulet of regeneration (around neck)
 N - the ring "Sarew" (left hand) {rPois rF+ rC+ MP-9}
   (You acquired it on level 6 of the Lair of Beasts)

   [ring of protection from cold]

   It protects you from fire.
   It protects you from cold.
   It protects you from poison.
   It affects your magic capacity (-9).
 U - an uncursed ring of ice
Wands
 g - a wand of flame (29)
 n - a wand of disintegration (24)
 w - a wand of random effects (18)
 G - a wand of digging (16)
 J - a wand of acid (18)
 T - a wand of polymorph (10)
Scrolls
 c - 10 scrolls of teleportation
 q - 4 scrolls of remove curse
 A - 11 scrolls of identify
 E - a scroll of holy word
 F - a scroll of fog
 I - 5 scrolls of magic mapping
 L - a scroll of summoning
 M - 2 scrolls of brand weapon
 O - a scroll of blinking
 P - a scroll of enchant armour
Potions
 e - 2 potions of mutation
 i - a potion of lignification
 k - a potion of might
 l - 5 potions of heal wounds
 m - 15 potions of curing
 o - 2 potions of haste
 p - 3 potions of flight
 s - 2 potions of resistance
 x - 3 potions of cancellation
 C - 4 potions of ambrosia
 K - a potion of attraction
 Q - a potion of berserk rage {unknown}
Miscellaneous
 z - a lightning rod (4/4)
 H - a condenser vane


   Skills:
 - Level 13.6 Fighting
 * Level 19.1 Maces & Flails
 - Level 13.8 Armour
 - Level 8.0 Dodging
 - Level 9.0 Evocations


You had 13 spell levels left.
You didn't know any spells.
Your spell library was empty.

Dungeon Overview and Level Annotations

Branches:
Dungeon (12/15)            Temple (0/1) D:4            Lair (6/6) D:9
 Shoals (0/4) Lair:2        Snake (0/4) Lair:4        Slime (0/5) Lair:6
    Orc (2/2) D:12          Sewer (visited)
    Elf: Orc:2

Altars:
Ashenzari
Dithmenos
Elyvilon
Fedhas
Gozag
Okawaru
Ru
Sif Muna
Trog
Uskayaw
Vehumet
Xom
Zin

Shops:
D:11 (   D:12 :

Annotations:
Lair:6 exclusion: 2 oklob plants


Innate Abilities, Weirdness & Mutations

You reflexively headbutt those who attack you in melee.
You have a pair of horns on your head.


Message History

* * * LOW HITPOINT WARNING * * *
Your skin crawls.
You feel strong-willed.
The orc wizard casts a spell.
The orc wizard blinks!
The orc wizard hits you with a +4 dagger.
* * * LOW HITPOINT WARNING * * *
You feel much better.
The orc warrior hits you from afar with a +0 trident!!
* * * LOW HITPOINT WARNING * * *
A red film seems to cover your vision as you go berserk!
You feel yourself moving faster!
You feel mighty! The orc warrior completely misses you.
The orc warrior barely misses you.
The orc wizard hits you with a +4 dagger.
* * * LOW HITPOINT WARNING * * *
You whack the orc wizard!
You feel better.
You headbutt the orc wizard, but do no damage.
The orc wizard is severely wounded.
The orc warrior hits you from afar with a +0 trident!
You die...

## . ###. ###
#....#@##
#....##o##
#...ooooo##
.....o.ooo#
..........#
..........#
.###..........$#
##..........#
#...........


You could see 2 orc warriors, an orc wizard and 3 orcs.

Vanquished Creatures
  Kirke (D:12)
  Fannar (Orc:1)
  8 hydras
  5 catoblepae
  10 death yaks
  2 two-headed ogres
  An orc high priest (Orc:2)
  Nergalle (D:11)
  An unseen horror (D:11)
  Pikel (D:6)
  5 lindwurms
  An oklob plant (Lair:1)
  2 deep elf magi (D:12)
  2 manticores
  A cyclops (D:12)
  4 ugly things
  11 black mambas
  7 elephants
  Maurice (Orc:1)
  A torpor snail (Lair:5)
  10 cane toads
  10 komodo dragons
  2 trolls (D:9)
  A slime creature (D:12)
  3 polar bears
  6 blink frogs (Lair:5)
  5 dream sheep (Lair:6)
  2 hornets (D:7)
  Sigmund (D:5)
  A wraith (D:8)
  A spriggan (Lair:3)
  52 yaks
  7 wyverns
  2 hogs (D:12)
  2 vampire mosquitoes (D:12)
  22 water moccasins
  11 orc warriors
  4 sky beasts
  A phantom (D:9)
  2 black bears
  An eye of draining (D:7)
  15 wolves
  6 ogres
  4 centaurs
  2 lemures (D:6)
  4 big kobolds
  15 bullfrogs
  A water moccasin zombie (D:7)
  6 scorpions
  A water moccasin skeleton (D:7)
  11 killer bees
  13 wights
  A howler monkey (D:7)
  An electric eel (Lair:6)
  A bullfrog zombie (D:12)
  5 hounds
  6 jellies
  10 orc priests
  3 bullfrog skeletons
  20 orc wizards
  3 centaur skeletons
  5 hell rats (Lair:5)
  2 iguanas
  6 worker ants
  A hound zombie (D:5)
  A hound skeleton (D:6)
  A worker ant zombie (D:5)
  6 gnolls
  A howler monkey skeleton (D:6)
  22 adders
  A river rat (D:6)
  3 shadow imps
  4 white imps
  5 oozes
  An adder skeleton (D:6)
  2 adder zombies
  3 worms
  3 dart slugs
  6 leopard geckos
  72 orcs
  5 ball pythons
  9 bats
  7 giant cockroaches
  7 goblins
  8 hobgoblins
  17 jackals
  5 quokkas
  4 frilled lizards (D:1)
  21 kobolds
  A leopard gecko skeleton (D:5)
  A quokka skeleton (D:5)
  18 rats
588 creatures vanquished.

Vanquished Creatures (collateral kills)
  The ghost of ythm the Brawler, a journeyman TrHu (Lair:1)
  3 death yaks (Lair:6)
  A manticore (Lair:6)
  2 yaks (Lair:6)
  A wolf (Lair:4)
  A centaur (D:8)
  A big kobold (D:8)
  A hell rat (Lair:5)
  An orc (D:11)
  A kobold (D:8)
13 creatures vanquished.

Vanquished Creatures (others)
  A human (D:12)
  An orc (D:12)
  30 fungi
  51 plants
83 creatures vanquished.

Grand Total: 684 creatures vanquished

Notes
Turn   | Place    | Note
-------+----------+-------------------------------------------
     0 | D:1      | jejorda2 the Minotaur Berserker began the quest for the
                  | Orb.
     0 | D:1      | Reached XP level 1. HP: 19/19 MP: 0/0
   288 | D:1      | Reached skill level 4 in Maces & Flails
   288 | D:1      | Reached XP level 2. HP: 27/27 MP: 1/1
   673 | D:1      | Reached XP level 3. HP: 26/33 MP: 2/2
  1088 | D:2      | Found a hide-covered altar of Uskayaw.
  1453 | D:2      | Reached XP level 4. HP: 40/40 MP: 3/3
  1478 | D:2      | Reached skill level 5 in Maces & Flails
  1526 | D:2      | Reached ** piety under Trog
  1697 | D:2      | Found a broken altar of Ashenzari.
  1767 | D:2      | Found an iron altar of Okawaru.
  1767 | D:2      | Found a bloodstained altar of Trog.
  2121 | D:3      | Found a white marble altar of Elyvilon.
  2241 | D:3      | Reached XP level 5. HP: 19/47 MP: 4/4
  2426 | D:3      | Found a glowing silver altar of Zin.
  2492 | D:3      | Reached skill level 6 in Maces & Flails
  2744 | D:3      | Found a shimmering blue altar of Sif Muna.
  3119 | D:4      | Reached skill level 5 in Fighting
  3124 | D:4      | Reached XP level 6. HP: 56/56 MP: 5/5
  3198 | D:4      | Reached *** piety under Trog
  3281 | D:4      | Found a staircase to the Ecumenical Temple.
  3329 | D:4      | Found a radiant altar of Vehumet.
  3879 | D:5      | Entered Level 5 of the Dungeon
  3911 | D:5      | Reached skill level 7 in Maces & Flails
  4092 | D:5      | Noticed Sigmund
  4100 | D:5      | Killed Sigmund
  4101 | D:5      | Reached skill level 5 in Armour
  4101 | D:5      | Reached XP level 7. HP: 60/62 MP: 6/6
  4134 | D:5      | Reached skill level 8 in Maces & Flails
  4399 | D:6      | Noticed Pikel
  4558 | D:6      | Found a glowing drain.
  4565 | Sewer    | Entered a sewer
  4634 | Sewer    | Reached skill level 9 in Maces & Flails
  4634 | Sewer    | Reached XP level 8. HP: 70/70 MP: 7/7
  4647 | Sewer    | Reached **** piety under Trog
  4674 | Sewer    | Found a white marble altar of Elyvilon.
  4939 | D:6      | Reached skill level 10 in Maces & Flails
  5303 | D:6      | Reached skill level 11 in Maces & Flails
  5322 | D:6      | Killed Pikel
  5323 | D:6      | Reached skill level 12 in Maces & Flails
  5450 | D:6      | Reached XP level 9. HP: 62/75 MP: 8/8
  6082 | D:7      | Found a shimmering altar of Xom.
  6157 | D:7      | Reached ***** piety under Trog
  6385 | D:7      | Found an opulent altar of Gozag.
  6570 | D:7      | Found a sacrificial altar of Ru.
  6960 | D:8      | Reached skill level 13 in Maces & Flails
  7367 | D:8      | Reached XP level 10. HP: 90/90 MP: 9/9
  8185 | D:9      | Got a translucent tin amulet
  8196 | D:9      | Identified the amulet "Gulalom" {Spirit *Corrode Str+5}
                  | (You found it on level 9 of the Dungeon)
  8394 | D:9      | Found a staircase to the Lair.
  8747 | D:9      | Found a shadowy altar of Dithmenos.
  9681 | D:9      | Reached skill level 10 in Fighting
  9681 | D:9      | Reached skill level 10 in Armour
  9735 | D:9      | Found a blossoming altar of Fedhas.
  9754 | D:9      | Noticed a two-headed ogre
  9764 | D:9      | Killed a two-headed ogre
  9765 | D:9      | Reached skill level 14 in Maces & Flails
  9900 | Lair:1   | Entered Level 1 of the Lair of Beasts
 10038 | Lair:1   | Noticed an oklob plant
 10145 | Lair:1   | Reached XP level 11. HP: 101/101 MP: 10/10
 10419 | Lair:1   | Found a runed translucent gate.
 10512 | Lair:1   | Reached skill level 1 in Evocations
 10622 | Lair:1   | Noticed a five-headed hydra
 10631 | Lair:1   | Killed a five-headed hydra
 10945 | Lair:1   | Noticed a four-headed hydra
 10955 | Lair:1   | Killed a four-headed hydra
 11028 | Lair:1   | Found a runed translucent gate.
 11029 | Lair:1   | Found a runed translucent gate.
 11031 | Lair:1   | Noticed ythm's ghost (journeyman TrHu)
 11041 | Lair:1   | Killed ythm's ghost
 11196 | Lair:1   | Killed an oklob plant
 11313 | Lair:2   | Noticed a five-headed hydra
 11328 | Lair:2   | Killed a five-headed hydra
 11329 | Lair:2   | Reached skill level 5 in Evocations
 11848 | Lair:2   | Reached XP level 12. HP: 111/112 MP: 11/11
 11950 | Lair:2   | Received a gift from Trog
 12041 | Lair:2   | Noticed a four-headed hydra
 12049 | Lair:2   | Killed a four-headed hydra
 12075 | Lair:2   | Found a staircase to the Shoals.
 13757 | Lair:4   | Noticed a death yak
 13759 | Lair:4   | Noticed a death yak
 13766 | Lair:4   | Noticed a death yak
 13836 | Lair:4   | Noticed a death yak
 13837 | Lair:4   | Noticed a death yak
 13848 | Lair:4   | Noticed a death yak
 13849 | Lair:4   | Noticed a death yak
 13875 | Lair:4   | Killed a death yak
 13889 | Lair:4   | Killed a death yak
 13918 | Lair:4   | Killed a death yak
 13931 | Lair:4   | Killed a death yak
 13932 | Lair:4   | Reached skill level 5 in Dodging
 14167 | Lair:4   | Killed a death yak
 14179 | Lair:4   | Killed a death yak
 14185 | Lair:4   | Killed a death yak
 14274 | Lair:4   | Found a staircase to the Snake Pit.
 14356 | Lair:4   | Reached XP level 13. HP: 104/122 MP: 12/12
 15561 | Lair:5   | Found a white marble altar of Elyvilon.
 15794 | Lair:5   | You fall into a shaft and drop 1 floor!
 15794 | Lair:6   | Entered Level 6 of the Lair of Beasts
 16010 | Lair:6   | Found a staircase to the Slime Pits.
 16049 | Lair:6   | Reached skill level 15 in Maces & Flails
 16310 | Lair:6   | Received a gift from Trog
 16311 | Lair:6   | Got a masterwork mace {god gift}
 16312 | Lair:6   | Identified the +12 mace of Greed {vorpal, Dex+2} (Trog
                  | gifted it to you on level 6 of the Lair of Beasts)
 16556 | Lair:6   | Reached skill level 16 in Maces & Flails
 16668 | Lair:6   | Reached XP level 14. HP: 130/130 MP: 13/13
 16716 | Lair:6   | Got a faintly glowing plate armour
 16726 | Lair:6   | Identified the +2 plate armour of the Orb {Stlth+} (You
                  | found it on level 6 of the Lair of Beasts)
 17271 | Lair:6   | Reached skill level 17 in Maces & Flails
 17676 | Lair:6   | Identified a scroll of acquirement
 17677 | Lair:6   | Acquired the ring "Sarew" {rPois rF+ rC+ MP-9}
 18174 | D:10     | Entered Level 10 of the Dungeon
 18964 | D:11     | Received a gift from Trog
 19281 | D:11     | Noticed Nergalle
 19296 | D:11     | Killed Nergalle
 19360 | D:11     | Found Daahy's Antique Weapon Shoppe.
 19364 | D:11     | Bought a glowing demon whip for 666 gold pieces
 19704 | D:12     | Noticed Kirke
 19719 | D:12     | Killed Kirke
 19720 | D:12     | Reached skill level 18 in Maces & Flails
 19893 | D:12     | Received a gift from Trog
 19912 | D:12     | Found a staircase to the Orcish Mines.
 20156 | D:12     | Found Raub Paubirph's Book Shoppe.
 20651 | Orc:1    | Entered Level 1 of the Orcish Mines
 20651 | Orc:1    | Noticed Fannar
 20651 | Orc:1    | Noticed Maurice
 20667 | Orc:1    | Killed Fannar
 20668 | Orc:1    | Reached skill level 19 in Maces & Flails
 20682 | Orc:1    | Killed Maurice
 20917 | Orc:2    | Entered Level 2 of the Orcish Mines
 20960 | Orc:2    | HP: 7/195 [orc wizard/+4 dagger (6)]
 20961 | Orc:2    | Slain by an orc warrior

Illustrated notes

Levels and vault maps discovered:
D:1:      erik_arrival_blinker_ship, layout_loops_corners, nrook_mini_vaults,
          serial_bayou_crossing
D:2:      layout_rooms, gammafunk_temple_overflow_pools,
          nicolae_overflow_hidden_temple, eat_drink_and_be_merry_uskayaw
D:3:      layout_basic, marbit_many_paths, led_sif_pool,
          nicolae_overflow_crystal_walls
D:4:      cheibrodos_helix_gallery, layout_rooms, fiery_altar_vehumet,
          minmay_temple_entry_arrows
D:5:      layout_rooms, kennysheep_generic_room_6, uniq_sigmund
D:6:      minmay_evil_eye, layout_basic, gup_sewer_entry_bubbles, uniq_pikel
D:7:      layout_loops_ring, nicolae_ru_awakened_eye,
          nicolae_gozag_cash_rules_everything_around_me, old_standard_altar,
          minmay_unpleasant_kobolds
D:8:      layout_gridville, hangedman_abyss_or_decor_lesser_grid
D:9:      layout_basic, nicolae_dithmenos_shadow_blocks, kennysheep_mini,
          david_lair_shrubbed, minmay_between
D:10:     layout_roguey
D:11:     layout_basic, serial_shops, shop, uniq_nergalle
D:12:     layout_irregular_city, david_orc_2, serial_shops, shop,
          minmay_alternating_orb, uniq_kirke
Lair:1:   layout_cave_pods, ebering_ghost_rock_garden,
          minmay_lair_oklob_chamber, serial_bayou_shore_b, grunt_megastairs_5
Lair:2:   layout_layer_cave, shoals_dummy_entry, minivault_26
Lair:3:   layout_cave_pods, grunt_forest_stairs_clearing, lemuel_fruit_fields
Lair:4:   layout_cave_pods, minmay_snake_entry_six_corridors,
          minmay_lindwurm_lava, grunt_megastairs_2
Lair:5:   layout_gridlike, basic_altar, grunt_megastairs_3
Lair:6:   evilmike_catoblepas_cave, layout_regular_city,
          nicolae_slime_entry_slimehenge, dpeg_oklob_1,
          infiniplex_staircase_pool
Orc:1:    layout_diamond_mine, uniq_fannar, uniq_maurice, uniq_erica
Orc:2:    st_orc_congregation, layout_diamond_mine, serial_shops,
          nicolae_shop_crystal

Skill      XL: |  1  2  3  4  5  6  7  8  9 10 11 12 13 14 |
---------------+-------------------------------------------+-----
Maces & Flails | 4 5 6 7 9 12 13 14 16 19 | 19.1
Fighting       | 4 5 6 8 10 12 13 | 13.6
Armour         | 3 4 5 6 8 10 12 13 | 13.8
Evocations     | 5 7 9 |  9.0
Dodging        | 5 8 |  8.0

Action                   |  1- 3 |  4- 6 |  7- 9 | 10-12 | 13-15 || total
-------------------------+-------+-------+-------+-------+-------++-------
Melee: Mace              |    64 |    93 |       |       |       ||   157
       Headbutt          |    12 |    24 |    58 |   168 |   217 ||   479
       Flail             |       |    22 |    20 |    19 |       ||    61
       Whip              |       |    74 |   337 |   761 |   625 ||  1797
       Demon whip        |       |       |       |       |   215 ||   215
       Morningstar       |       |       |       |       |    12 ||    12
Throw: Dart              |       |       |       |     7 |    15 ||    22
Invok: Berserk           |       |     2 |     1 |     5 |     8 ||    16
       Trog's Hand       |       |     1 |     2 |     1 |     4 ||     8
       Brothers in Arms  |       |       |       |     2 |     4 ||     6
Evoke: Wand              |       |       |       |     5 |     6 ||    11
       Condenser vane    |       |       |       |       |     1 ||     1
  Use: Scroll            |       |       |    18 |     9 |     5 ||    32
       Potion            |       |       |       |       |     4 ||     4
 Stab: Distracted        |       |       |       |       |     2 ||     2
Armor: Ring mail         |    21 |    20 |       |       |       ||    41
       Chain mail        |       |    52 |    94 |       |       ||   146
       Plate armour      |       |       |    24 |   312 |   388 ||   724
Dodge: Dodged            |    53 |    53 |    78 |   164 |   309 ||   657
Block: Other             |       |    38 |    48 |    25 |       ||   111
       Reflection        |       |     1 |     2 |     2 |       ||     5
